 Dungeon Crawl Stone Soup version 0.25-a0-528-g6b7c99946c (webtiles) character file.

Game seed: 6987284374170949801, levelgen mode: deterministic

283 ICC the Ruffian (level 6, -2/47 HPs)
             Began as a Vampire Fighter on Feb 19, 2020.
             Killed by divine providence
             ... invoked by an orc priest
              (14 damage)
             ... on level 4 of the Dungeon.
             The game lasted 00:06:36 (2500 turns).

ICC the Ruffian (Vampire Fighter)                   Turns: 2500, Time: 00:06:36

Health: -2/47      AC:  9    Str: 17    XL:     6   Next: 7%
Magic:  6/6        EV: 10    Int: 11    God:
Gold:   180        SH:  0    Dex: 13    Spells: 5/5 levels left

rFire    . . .     SeeInvis +     - Unarmed
rCold    . . .     Gourm    .   (no shield)
rNeg     . . .     Faith    .   a - +0 scale mail
rPois    .         Spirit   .   g - +0 helmet
rElec    .         Reflect  .   m - +1 cloak
rCorr    .         Harm     .   (no gloves)
MR       .....                  (no boots)
Stlth    ..........             (no amulet)
HPRegen  0.35/turn              (no ring)
MPRegen  0.10/turn              (no ring)

@: regenerating quickly, drained
A: no food, fangs 3, see invisible, unbreathing
a: Exsanguinate


You were on level 4 of the Dungeon.
You were alive.

You visited 1 branch of the dungeon, and saw 4 of its levels.

You collected 180 gold pieces.

Inventory:

Hand Weapons
 n - a +4 quarterstaff of chaos
Armour
 a - a +0 scale mail (worn)
 d - a +2 leather armour of poison resistance
 g - a +0 helmet (worn)
 m - a +1 cloak (worn)
Scrolls
 b - a scroll of random uselessness {unknown}
 c - a scroll of teleportation {unknown}
 e - 2 scrolls of enchant weapon {unknown}
 f - a scroll of magic mapping {unknown}
 h - a scroll of noise {unknown}
 i - 2 scrolls of remove curse {unknown}
 j - a scroll of amnesia {unknown}
 k - 3 scrolls of identify {unknown}
 l - a scroll of blinking {unknown}
 p - a scroll of fear {unknown}
Potions
 o - a potion of might


   Skills:
 + Level 3.6(2.6) Fighting
 + Level 3.0(2.1) Armour
 + Level 2.1(1.2) Dodging
   Level 2.6(1.7) Shields
 * Level 5.3(4.4) Unarmed Combat


You had 5 spell levels left.
You didn't know any spells.
Your spell library was empty.

Dungeon Overview and Level Annotations

Branches:
Dungeon (4/15)
 Temple: D:4-7

Altars:
Trog


Innate Abilities, Weirdness & Mutations

You do not eat.
Your natural rate of healing is unusually fast.
You have razor-sharp teeth.
You have supernaturally acute eyesight. (SInv)
You can survive without breathing.


Message History

You barely miss the orc priest.
The orc priest is severely wounded.
The orc priest misses you.
You hit the orc priest but do no damage.
You bite the orc priest, but do no damage.
The orc priest is severely wounded.
You barely miss the orc priest.
The orc priest is severely wounded.
The orc priest hits you but does no damage.
You feel drained.
You hit the orc priest.
The orc priest is severely wounded.
The orc priest calls down the wrath of Beogh upon you.
Pain shoots through your body!
* * * LOW HITPOINT WARNING * * *
You hit the orc priest.
The orc priest is almost dead.
The orc priest calls down the wrath of Beogh upon you.
Beogh smites you!
You die...

#.....#........<#
......#.........# ###.
.....#.........# o#..P
.......<.......#
.....P#.###.#.......#
(..PP#.# #........##
..P..#.# ###...####
...##.$.######..#####
........>.oo@.........
..####.#######.#####.
#.# .# ..# ## ...#
....# .....# .%.....
######.#


You could see an orc priest and an orc.

Vanquished Creatures
  Crazy Yiuf (D:2)
  A worker ant (D:4)
  A hound zombie (D:4)
  2 worker ant zombies (D:4)
  4 gnolls
  5 adders
  An ooze (D:1)
  4 worms
  2 dart slugs
  4 leopard geckos
  4 orcs
  7 bats
  3 giant cockroaches
  8 goblins
  9 hobgoblins
  11 jackals
  6 kobolds
  2 quokkas (D:2)
  2 frilled lizards (D:1)
  8 rats
85 creatures vanquished.

Notes
Turn   | Place    | Note
-------+----------+-------------------------------------------
     0 | D:1      | ICC the Vampire Fighter began the quest for the Orb.
     0 | D:1      | Reached XP level 1. HP: 17/17 MP: 1/1
    65 | D:1      | Reached XP level 2. HP: 10/24 MP: 2/2
   117 | D:1      | Reached skill level 3 in Unarmed Combat
   492 | D:1      | Reached XP level 3. HP: 29/29 MP: 3/3
   763 | D:2      | Reached skill level 4 in Unarmed Combat
   831 | D:2      | Found a runed translucent door.
   832 | D:2      | Noticed Crazy Yiuf
   892 | D:2      | Reached XP level 4. HP: 34/35 MP: 4/4
  1020 | D:2      | Reached skill level 1 in Dodging
  1397 | D:2      | Reached XP level 5. HP: 40/41 MP: 5/5
  1662 | D:2      | Killed Crazy Yiuf
  1854 | D:3      | Found a bloodstained altar of Trog.
  1865 | D:3      | Reached skill level 5 in Unarmed Combat
  2475 | D:4      | Reached XP level 6. HP: 23/47 MP: 6/6
  2500 | D:4      | Killed from afar by an orc priest

Levels and vault maps discovered:
D:1:      erik_arrival_triangle_medium, layout_basic, patterned_corridor
D:2:      kb_forest_paths, layout_basic, first_ration, minmay_crystal_room,
          serial_bayou_pond_a, uniq_crazy_yiuf_cottage
D:3:      layout_loops_ring, serial_glass, glass_columns_b, glass_columns_a,
          bloody_trog
D:4:      layout_rooms, nemelex_altar_shiori, old_standard_altar, serial_undead,
          serial_undead_b, serial_undead_e, serial_undead_f, serial_undead_f,
          serial_undead_a, serial_undead_a, serial_undead_b, serial_undead_e,
          minmay_cut_off

Skill      XL: |  1  2  3  4  5 |
---------------+----------------+-----
Fighting       | 3 |  3.6
Unarmed Combat | 3 4 5 |  5.3
Dodging        | 1 2 |  2.1
Armour         | 3 |  3.0
Shields        | |  2.6

Action                   |  1- 3 |  4- 6 || total
-------------------------+-------+-------++-------
Melee: Unarmed           |   141 |   208 ||   349
       Bite              |    12 |    31 ||    43
       Punch             |     2 |     3 ||     5
  Use: Potion            |       |     4 ||     4
Armor: Scale mail        |    50 |    72 ||   122
Dodge: Dodged            |    56 |    90 ||   146
Block: Kite shield       |    11 |       ||    11

Table legend:
 A = Non-vault XP
 B = Vault XP
 C = Vault XP percentage of total XP
 D = Non-vault monster count
 E = Vault monster count
 F = Vault count percentage of total count
                 A         B        C        D         E       F
            +---------+---------+-------+---------+---------+-------
      Total |     293 |     112 |  27.7 |      75 |      10 |  11.8
            +---------+---------+-------+---------+---------+-------
        D:1 |      69 |       0 |   0.0 |      26 |       0 |   0.0
        D:2 |     114 |      59 |  34.1 |      20 |       7 |  25.9
        D:3 |      68 |       0 |   0.0 |      26 |       0 |   0.0
        D:4 |      42 |      53 |  55.8 |       3 |       3 |  50.0
            +---------+---------+-------+---------+---------+-------
